[Event "GambitGuide"]
[Site "Internet Chess Club"]
[Date "2014.10.31"]
[Round "1"]
[White "JSBach"]
[Black "Smashandgrab"]
[Result "1-0"]
[ICCResult "Black resigns"]
[WhiteElo "1686"]
[BlackElo "1457"]
[Opening "Vienna: `Frankenstein-Dracula' variation"]
[ECO "C27"]
[NIC "VG.02"]
[Time "16:18:01"]
[TimeControl "120+12"]

1. e4 e5 2. Nc3 Nf6 3. Bc4 Nxe4 4. Qh5 Nd6 5. Bb3 Nc6 6. Nb5 g6 7. Qf3 f5 8.
Qd5 Qe7 9. Nxc7+ Kd8 10. Nxa8 b6 11. d3 Bg7 12. Nh3 Bb7 13. Bg5 Bf6 14. Nxb6
axb6 15. g3 Bxg5 16. Nxg5 Nd4 17. Nf7+ Nxf7 18. Qxb7 Ke8 19. Qxb6 Nxb3 20.
Qxb3 {Black resigns} 1-0

[Event "GambitGuide"]
[Site "Internet Chess Club"]
[Date "2014.10.31"]
[Round "1"]
[White "JSBach"]
[Black "nsideurheadbro"]
[Result "1-0"]
[ICCResult "Black resigns"]
[WhiteElo "1723"]
[BlackElo "1184"]
[Opening "Vienna: `Frankenstein-Dracula' variation"]
[ECO "C27"]
[NIC "VG.02"]
[Time "16:12:05"]
[TimeControl "120+12"]

1. e4 e5 2. Nc3 Nf6 3. Bc4 Nxe4 4. Qh5 Nd6 5. Bb3 Nc6 6. Nb5 g6 7. Qf3 f5 8.
Qd5 Qe7 9. Nxc7+ Kd8 10. Nxa8 b6 11. d3 Bb7 12. Nxb6 axb6 13. Qf3 Kc7 14.
Bd2 h6 15. Qg3 e4 16. Qxg6 exd3+ 17. Kd1 dxc2+ 18. Bxc2 Nd4 19. Rc1 Kb8 20.
Bc3 Bg7 21. Bb4 Be5 22. Bd3 Bc6 23. Rc4 Ne6 24. Bxf5 Nf4 25. Qg3 Qf6 26.
Rxf4 Rf8 27. Qe3 Bxg2 28. Qxb6+ Nb7 29. Qe3 Bxf4 30. Qxf4+ d6 31. Bc3 Qxf5
32. Qxh6 Qd5+ 33. Qd2 Qxd2+ 34. Kxd2 Bxh1 35. Bd4 Nc5 36. b4 Ne4+ 37. Ke2 d5
38. h4 Bg2 39. a4 Kb7 40. h5 Rf5 41. h6 Rh5 42. f3 Ng5 43. Kf2 Bh3 44. Be3
Ne4+ 45. fxe4 dxe4 46. Nxh3 Rxh3 47. b5 Rf3+ 48. Ke2 Rh3 49. Kd2 Rh2+ 50.
Kc3 Rh3 51. Kd4 Rh4 52. a5 Rh5 53. a6+ Kb6 54. Kxe4+ Kxb5 55. a7 Rh4+ 56.
Bf4 {Black resigns} 1-0

[Event "GambitGuide"]
[Site "Internet Chess Club"]
[Date "2014.10.31"]
[Round "1"]
[White "JSBach"]
[Black "nsideurheadbro"]
[Result "1-0"]
[ICCResult "Black checkmated"]
[WhiteElo "1734"]
[BlackElo "1184"]
[Opening "Vienna: `Frankenstein-Dracula' variation"]
[ECO "C27"]
[NIC "VG.02"]
[Time "16:20:03"]
[TimeControl "120+12"]

1. e4 e5 2. Nc3 Nf6 3. Bc4 Nxe4 4. Qh5 Nd6 5. Bb3 Nc6 6. Nb5 g6 7. Qf3 f5 8.
Qd5 Qe7 9. Nxc7+ Kd8 10. Nxa8 b6 11. d3 Bb7 12. Nxb6 axb6 13. Qf3 f4 14. Bd2
Nd4 15. Qg4 Qf6 16. Ba4 h5 17. Qxd7# {Black checkmated} 1-0

[Event "GambitGuide"]
[Site "Internet Chess Club"]
[Date "2014.10.31"]
[Round "1"]
[White "JSBach"]
[Black "Smashandgrab"]
[Result "1-0"]
[ICCResult "Black resigns"]
[WhiteElo "1730"]
[BlackElo "1457"]
[Opening "Vienna: `Frankenstein-Dracula' variation"]
[ECO "C27"]
[NIC "VG.02"]
[Time "16:18:47"]
[TimeControl "120+12"]

1. e4 e5 2. Nc3 Nf6 3. Bc4 Nxe4 4. Qh5 Nd6 5. Bb3 Nc6 6. Nb5 g6 7. Qf3 f5 8.
Qd5 Qe7 9. Nxc7+ Kd8 10. Nxa8 b6 11. d3 Bg7 12. Nh3 Bb7 13. Bg5 Bf6 14. Nxb6
axb6 15. g3 Nd4 16. Qxb7 Nxb7 17. Be3 Nc5 18. O-O Ke8 19. Rad1 Ndxb3 20.
axb3 Kf7 21. Rfe1 d5 22. d4 Nd7 23. c4 e4 24. Nf4 dxc4 25. Nd5 Qe8 26. bxc4
Be7 27. Re2 Nf6 28. Nxb6 Qb8 29. c5 Rd8 30. d5 Ng4 31. Bf4 Qa7 32. d6 Bf6
33. b4 Be5 34. Bg5 Bf6 35. Bf4 g5 36. Bd2 h6 37. h3 Ne5 38. Kh1 Nf3 39. g4
Nxd2 40. Rdxd2 Bc3 41. Ra2 Qd7 42. Nxd7 Rxd7 43. Rac2 Bxb4 44. c6 Rxd6 45.
c7 {Black resigns} 1-0

[Event "GambitGuide"]
[Site "Internet Chess Club"]
[Date "2014.10.31"]
[Round "1"]
[White "JSBach"]
[Black "alico"]
[Result "1-0"]
[ICCResult "Black resigns"]
[WhiteElo "1712"]
[BlackElo "1233"]
[Opening "Vienna: `Frankenstein-Dracula' variation"]
[ECO "C27"]
[NIC "VG.02"]
[Time "16:18:48"]
[TimeControl "120+12"]

1. e4 e5 2. Nc3 Nf6 3. Bc4 Nxe4 4. Qh5 Nd6 5. Bb3 Nc6 6. Nb5 g6 7. Qf3 f5 8.
Qd5 Qe7 9. Nxc7+ Kd8 10. Nxa8 b6 11. d3 Bb7 12. Nxb6 axb6 13. Qf3 Bg7 14.
Qg3 e4 15. Bg5 Bf6 16. Bxf6 Qxf6 17. Rd1 exd3 18. Qxd3 Re8+ 19. Ne2 Nb4 20.
Qxd6 Qxd6 21. Rxd6 Bxg2 22. Rg1 Bf3 23. Rd2 Kc7 24. Rg3 Be4 25. a3 Nc6 26.
f3 f4 27. Rh3 Bf5 28. Rxh7 g5 29. Rg7 Ne5 30. Bd5 g4 31. fxg4 Nxg4 32. h4
Ne3 33. Kf2 Bg4 34. Nxf4 Rf8 35. Kxe3 {Black resigns} 1-0

[Event "GambitGuide"]
[Site "Internet Chess Club"]
[Date "2014.10.31"]
[Round "1"]
[White "JSBach"]
[Black "Punto-Medio"]
[Result "1-0"]
[ICCResult "Black resigns"]
[WhiteElo "1695"]
[BlackElo "2087"]
[Opening "Vienna: `Frankenstein-Dracula' variation"]
[ECO "C27"]
[NIC "VG.02"]
[Time "16:19:41"]
[TimeControl "120+12"]

1. e4 e5 2. Nc3 Nf6 3. Bc4 Nxe4 4. Qh5 Nd6 5. Bb3 Nc6 6. Nb5 g6 7. Qf3 f5 8.
Qd5 Qe7 9. Nxc7+ Kd8 10. Nxa8 b6 11. d3 Nb4 12. Bg5 Qxg5 13. Qxe5 Rg8 14.
Nxb6 axb6 15. Kf1 Bb7 16. Nf3 Bxf3 17. gxf3 Nc6 18. Qd5 Rg7 19. Rg1 Qf4 20.
Kg2 Nf7 21. Rae1 Bd6 22. Rh1 Ng5 23. h4 Ne6 24. Rxe6 dxe6 25. Qxc6 Ke7 26.
Qxb6 Rg8 27. Qb7+ Kf6 28. Bxe6 Rf8 29. Bd5 g5 30. Qxh7 g4 31. Rg1 gxf3+ 32.
Bxf3 Rf7 33. Qh5 Rg7+ 34. Kf1 Qc1+ 35. Bd1 Qxd1+ 36. Qxd1 {Black resigns}
1-0

[Event "GambitGuide"]
[Site "Internet Chess Club"]
[Date "2014.10.31"]
[Round "1"]
[White "JSBach"]
[Black "bardenbabe"]
[Result "1-0"]
[ICCResult "Black resigns"]
[WhiteElo "1695"]
[BlackElo "1610"]
[Opening "Vienna: `Frankenstein-Dracula' variation"]
[ECO "C27"]
[NIC "VG.02"]
[Time "16:21:40"]
[TimeControl "120+12"]

1. e4 e5 2. Nc3 Nf6 3. Bc4 Nxe4 4. Qh5 Nd6 5. Bb3 Nc6 6. Nb5 g6 7. Qf3 f5 8.
Qd5 Qe7 9. Nxc7+ Kd8 10. Nxa8 b6 11. d3 Bg7 12. Nh3 h6 13. Ba4 Bb7 14. Nxb6
axb6 15. Qb3 Kc7 16. O-O g5 17. Re1 g4 18. Nf4 Qh4 19. Ng6 {Black resigns}
1-0

[Event "GambitGuide"]
[Site "Internet Chess Club"]
[Date "2014.10.31"]
[Round "1"]
[White "JSBach"]
[Black "Smashandgrab"]
[Result "1-0"]
[ICCResult "Black resigns"]
[WhiteElo "1695"]
[BlackElo "1457"]
[Opening "Vienna: `Frankenstein-Dracula' variation"]
[ECO "C27"]
[NIC "VG.02"]
[Time "16:22:05"]
[TimeControl "120+12"]

1. e4 e5 2. Nc3 Nf6 3. Bc4 Nxe4 4. Qh5 Nd6 5. Bb3 Nc6 6. Nb5 g6 7. Qf3 f5 8.
Qd5 Qe7 9. Nxc7+ Kd8 10. Nxa8 b6 11. d3 Bg7 12. Nh3 Bb7 13. Bg5 Bf6 14. Nxb6
axb6 15. O-O Nd4 16. Qxd4 exd4 17. Rfe1 Qg7 18. Bf4 Nf7 19. Re2 Re8 20. Bc7+
Kxc7 21. Rxe8 {Black resigns} 1-0

[Event "GambitGuide"]
[Site "Internet Chess Club"]
[Date "2014.10.31"]
[Round "1"]
[White "JSBach"]
[Black "Smashandgrab"]
[Result "1-0"]
[ICCResult "Black checkmated"]
[WhiteElo "1667"]
[BlackElo "1457"]
[Opening "Vienna: `Frankenstein-Dracula' variation"]
[ECO "C27"]
[NIC "VG.02"]
[Time "16:22:53"]
[TimeControl "120+12"]

1. e4 e5 2. Nc3 Nf6 3. Bc4 Nxe4 4. Qh5 Nd6 5. Bb3 Nc6 6. Nb5 g6 7. Qf3 f5 8.
Qd5 Qe7 9. Nxc7+ Kd8 10. Nxa8 b6 11. d3 Bg7 12. Ba4 Bb7 13. Nxb6 axb6 14.
Qb3 Nd4 15. Qxb6+ Ke8 16. f3 e4 17. fxe4 fxe4 18. Bg5 Qxg5 19. Qxd6 Qxg2 20.
Qxd7+ Kf8 21. Qe8# {Black checkmated} 1-0

[Event "GambitGuide"]
[Site "Internet Chess Club"]
[Date "2014.10.31"]
[Round "1"]
[White "JSBach"]
[Black "Wakabayashi"]
[Result "0-1"]
[ICCResult "White checkmated"]
[WhiteElo "1667"]
[BlackElo "2371"]
[Opening "Vienna: `Frankenstein-Dracula' variation"]
[ECO "C27"]
[NIC "VG.02"]
[Time "16:21:43"]
[TimeControl "120+12"]

1. e4 e5 2. Nc3 Nf6 3. Bc4 Nxe4 4. Qh5 Nd6 5. Bb3 Nc6 6. Nb5 g6 7. Qf3 f5 8.
Qd5 Qe7 9. Nxc7+ Kd8 10. Nxa8 b6 11. d3 Bb7 12. Nxb6 axb6 13. Qf3 Bg7 14.
Be3 Kc7 15. Bd5 Ra8 16. Ne2 Nb5 17. Bd2 Nbd4 18. Nxd4 Nxd4 19. Bxb7 Nxf3+
20. Bxf3 e4 21. Be2 exd3 22. cxd3 Bxb2 23. Rb1 Bd4 24. Rc1+ Kd8 25. Rc4 Bc5
26. Rf1 d5 27. Rc2 Qe5 28. f4 Qa1+ 29. Rc1 Qxa2 30. d4 Bxd4 31. Bb5 Ke7 32.
Bc6 Ra3 33. Bb4+ Kf6 34. Bxa3 Qxa3 35. Ke2 Qe3+ 36. Kd1 Bc3 37. Rxc3 Qxc3
38. Bd7 Qd3+ 39. Ke1 b5 40. Rf2 b4 41. Re2 b3 42. Re6+ Kg7 43. Re7+ Kh6 44.
g4 fxg4 45. Re2 Qc3+ 46. Kf2 b2 47. Rxb2 Qxb2+ 48. Kg3 Qc3+ 49. Kxg4 d4 50.
h4 d3 51. Ba4 d2 52. Bd1 Qc1 53. Ba4 d1=Q+ 54. Bxd1 Qxd1+ 55. Kg3 Kh5 56.
Kh2 Kg4 57. Kg2 Qf3+ 58. Kh2 Qf2+ 59. Kh1 Kg3 60. h5 Qg2# {White checkmated}
0-1

[Event "GambitGuide"]
[Site "Internet Chess Club"]
[Date "2014.10.31"]
[Round "1"]
[White "JSBach"]
[Black "Punto-Medio"]
[Result "1-0"]
[ICCResult "Black checkmated"]
[WhiteElo "1667"]
[BlackElo "2087"]
[Opening "Vienna: `Frankenstein-Dracula' variation"]
[ECO "C27"]
[NIC "VG.02"]
[Time "16:22:38"]
[TimeControl "120+12"]

1. e4 e5 2. Nc3 Nf6 3. Bc4 Nxe4 4. Qh5 Nd6 5. Bb3 Nc6 6. Nb5 g6 7. Qf3 f5 8.
Qd5 Qe7 9. Nxc7+ Kd8 10. Nxa8 b6 11. d3 Nb4 12. Qf3 Bb7 13. Qg3 f4 14. Qh3
Bxa8 15. Bd2 Nf5 16. c3 Na6 17. Nf3 Nc5 18. Bc4 d5 19. Bb5 a6 20. d4 exd4+
21. Kf1 axb5 22. Re1 Qf6 23. Bxf4 h6 24. Be5 Qf7 25. Bxh8 d3 26. Ne5 Qg8 27.
Bf6+ Kc8 28. Nxd3 Nxd3 29. Qxd3 Bc5 30. Qxb5 Kb7 31. Qd7+ Ka6 32. Re8 Qh7
33. Rxa8# {Black checkmated} 1-0

[Event "GambitGuide"]
[Site "Internet Chess Club"]
[Date "2014.10.31"]
[Round "1"]
[White "JSBach"]
[Black "nsideurheadbro"]
[Result "1-0"]
[ICCResult "Black resigns"]
[WhiteElo "1686"]
[BlackElo "1184"]
[Opening "Vienna: `Frankenstein-Dracula' variation"]
[ECO "C27"]
[NIC "VG.02"]
[Time "16:21:07"]
[TimeControl "120+12"]

1. e4 e5 2. Nc3 Nf6 3. Bc4 Nxe4 4. Qh5 Nd6 5. Bb3 Nc6 6. Nb5 g6 7. Qf3 f5 8.
Qd5 Qe7 9. Nxc7+ Kd8 10. Nxa8 b6 11. d3 Bb7 12. Nxb6 axb6 13. Qf3 f4 14. Qg4
g5 15. Nf3 h6 16. c3 Bg7 17. Bd2 Bf6 18. Qh5 g4 19. Qxg4 h5 20. Qg6 Nd4 21.
cxd4 exd4+ 22. Kd1 Bc6 23. Bxf4 h4 24. Re1 Qf8 25. Rc1 Nb5 26. Ne5 Kc8 27.
Nxc6 dxc6 28. Rxc6+ Kb7 29. Rxf6 Qc5 30. Qg7+ {Black resigns} 1-0

[Event "GambitGuide"]
[Site "Internet Chess Club"]
[Date "2014.10.31"]
[Round "1"]
[White "JSBach"]
[Black "Smashandgrab"]
[Result "1-0"]
[ICCResult "Black resigns"]
[WhiteElo "1686"]
[BlackElo "1457"]
[Opening "Vienna: `Frankenstein-Dracula' variation"]
[ECO "C27"]
[NIC "VG.02"]
[Time "16:23:45"]
[TimeControl "120+12"]

1. e4 e5 2. Nc3 Nf6 3. Bc4 Nxe4 4. Qh5 Nd6 5. Bb3 Nc6 6. Nb5 g6 7. Qf3 f5 8.
Qd5 Qe7 9. Nxc7+ Kd8 10. Nxa8 b6 11. d3 Bg7 12. h4 Bb7 13. Bg5 Bf6 14. Nxb6
axb6 15. Nf3 Nd4 16. Bxf6 Qxf6 17. Nxd4 Bxd5 18. Bxd5 exd4 19. O-O-O Kc7 20.
a4 b5 21. axb5 Nxb5 22. Rde1 Ra8 23. Bxa8 {Black resigns} 1-0

[Event "GambitGuide"]
[Site "Internet Chess Club"]
[Date "2014.10.31"]
[Round "1"]
[White "JSBach"]
[Black "CairnTerrier"]
[Result "1-0"]
[ICCResult "Black resigns"]
[WhiteElo "1686"]
[BlackElo "1232"]
[Opening "Vienna: `Frankenstein-Dracula' variation"]
[ECO "C27"]
[NIC "VG.02"]
[Time "16:23:29"]
[TimeControl "120+12"]

1. e4 e5 2. Nc3 Nf6 3. Bc4 Nxe4 4. Qh5 Nd6 5. Bb3 Nc6 6. Nb5 g6 7. Qf3 f5 8.
Qd5 Qe7 9. Nxc7+ Kd8 10. Nxa8 b6 11. d3 Nd4 12. f4 exf4+ 13. Kd1 Bg7 14.
Bxf4 Bb7 15. Bxd6 Bxd5 16. Bxe7+ Kxe7 17. Bxd5 Kd6 18. c4 Nc6 19. Nxb6 axb6
20. Bxc6 dxc6 21. Kc2 b5 22. cxb5 cxb5 23. a4 Rc8+ 24. Kb1 h6 25. axb5 Rb8
26. Ra6+ Kc5 27. Rxg6 Be5 28. Nf3 Bf4 29. Rf6 Be3 30. Rxf5+ Kb4 31. Re5 Ka4
32. Rxe3 Rxb5 33. Re4+ Ka5 34. Rhe1 {Black resigns} 1-0

[Event "GambitGuide"]
[Site "Internet Chess Club"]
[Date "2014.10.31"]
[Round "1"]
[White "JSBach"]
[Black "CairnTerrier"]
[Result "1-0"]
[ICCResult "Black resigns"]
[WhiteElo "1686"]
[BlackElo "1232"]
[Opening "Vienna: `Frankenstein-Dracula' variation"]
[ECO "C27"]
[NIC "VG.02"]
[Time "16:25:08"]
[TimeControl "120+12"]

1. e4 e5 2. Nc3 Nf6 3. Bc4 Nxe4 4. Qh5 Nd6 5. Bb3 Nc6 6. Nb5 g6 7. Qf3 f5 8.
Qd5 Qe7 9. Nxc7+ Kd8 10. Nxa8 b6 11. d3 Nd4 12. h4 e4 13. Bg5 {Black
resigns} 1-0

[Event "GambitGuide"]
[Site "Internet Chess Club"]
[Date "2014.10.31"]
[Round "1"]
[White "JSBach"]
[Black "CairnTerrier"]
[Result "1-0"]
[ICCResult "Black resigns"]
[WhiteElo "1667"]
[BlackElo "1232"]
[Opening "Vienna: `Frankenstein-Dracula' variation"]
[ECO "C27"]
[NIC "VG.02"]
[Time "16:25:30"]
[TimeControl "120+12"]

1. e4 e5 2. Nc3 Nf6 3. Bc4 Nxe4 4. Qh5 Nd6 5. Bb3 Nc6 6. Nb5 g6 7. Qf3 f5 8.
Qd5 Qe7 9. Nxc7+ Kd8 10. Nxa8 b6 11. d3 Nd4 12. h4 g5 13. Bxg5 {Black
resigns} 1-0

[Event "GambitGuide"]
[Site "Internet Chess Club"]
[Date "2014.10.31"]
[Round "1"]
[White "JSBach"]
[Black "Punto-Medio"]
[Result "1-0"]
[ICCResult "Black resigns"]
[WhiteElo "1667"]
[BlackElo "2087"]
[Opening "Vienna: `Frankenstein-Dracula' variation"]
[ECO "C27"]
[NIC "VG.02"]
[Time "16:24:10"]
[TimeControl "120+12"]

1. e4 e5 2. Nc3 Nf6 3. Bc4 Nxe4 4. Qh5 Nd6 5. Bb3 Nc6 6. Nb5 g6 7. Qf3 f5 8.
Qd5 Qe7 9. Nxc7+ Kd8 10. Nxa8 b6 11. d3 Nb4 12. Qf3 Bb7 13. Qg3 f4 14. Qg4
Bxa8 15. Bd2 Nf5 16. Nf3 Na6 17. Bc3 Bg7 18. Bc4 Nc5 19. O-O d5 20. Bb3 d4
21. Bb4 a5 22. Bxc5 Qxc5 23. Rae1 Bxf3 24. Qxf3 Kc7 25. Qg4 b5 26. Be6 Rf8
27. Re2 Qd6 28. Bxf5 Rxf5 29. Rfe1 h5 30. Qf3 g5 31. Qxh5 Qf8 32. Qg6 Qf7
33. Qa6 f3 34. gxf3 Rxf3 35. Qxa5+ Kb8 36. Qxb5+ Ka8 37. Qa6+ Kb8 38. Qb6+
Ka8 39. Qd8+ Ka7 40. Qxg5 {Black resigns} 1-0

[Event "GambitGuide"]
[Site "Internet Chess Club"]
[Date "2014.10.31"]
[Round "1"]
[White "JSBach"]
[Black "Smashandgrab"]
[Result "1-0"]
[ICCResult "Black resigns"]
[WhiteElo "1667"]
[BlackElo "1457"]
[Opening "Vienna: `Frankenstein-Dracula' variation"]
[ECO "C27"]
[NIC "VG.02"]
[Time "16:24:38"]
[TimeControl "120+12"]

1. e4 e5 2. Nc3 Nf6 3. Bc4 Nxe4 4. Qh5 Nd6 5. Bb3 Nc6 6. Nb5 g6 7. Qf3 f5 8.
Qd5 Qe7 9. Nxc7+ Kd8 10. Nxa8 b6 11. d3 Bg7 12. h4 Bb7 13. Bg5 Bf6 14. Nxb6
axb6 15. Nf3 Nd4 16. Bxf6 Qxf6 17. Nxd4 Bxd5 18. Bxd5 exd4 19. O-O-O Kc7 20.
a3 Qe5 21. Bc4 Nxc4 22. dxc4 Qc5 23. h5 g5 24. Rde1 Qxc4 25. b3 Qc3 26. Kb1
Rc8 27. Re7 Kd6 28. Re2 d3 29. Rd1 Kc6 30. Rxd3 Qf6 31. Rde3 Kb7 32. Re7 Rc7
33. Rxh7 Qd4 34. Rhe7 Qd1+ 35. Kb2 f4 36. h6 Qd4+ 37. Ka2 Qf6 38. h7 Rc8 39.
Re8 Rxe8 40. Rxe8 Qc3 41. h8=Q Qxc2+ 42. Qb2 {Black resigns} 1-0

[Event "GambitGuide"]
[Site "Internet Chess Club"]
[Date "2014.10.31"]
[Round "1"]
[White "JSBach"]
[Black "CairnTerrier"]
[Result "1-0"]
[ICCResult "Black resigns"]
[WhiteElo "1647"]
[BlackElo "1232"]
[Opening "Vienna: `Frankenstein-Dracula' variation"]
[ECO "C27"]
[NIC "VG.02"]
[Time "16:25:51"]
[TimeControl "120+12"]

1. e4 e5 2. Nc3 Nf6 3. Bc4 Nxe4 4. Qh5 Nd6 5. Bb3 Nc6 6. Nb5 g6 7. Qf3 f5 8.
Qd5 Qe7 9. Nxc7+ Kd8 10. Nxa8 b6 11. d3 Nd4 12. h4 Bg7 13. Bg5 Bf6 14. Bxf6
Qxf6 15. O-O-O Bb7 16. Nxb6 Bxd5 17. Nxd5 Qf8 18. Re1 Nxb3+ 19. axb3 Qf7 20.
Rxe5 f4 21. h5 g5 22. Nf3 g4 23. Ng5 Qf8 24. Rhe1 Nf5 25. Nxf4 Qd6 26. Nf7+
{Black resigns}
1-0

[Event "GambitGuide"]
[Site "Internet Chess Club"]
[Date "2014.10.31"]
[Round "1"]
[White "JSBach"]
[Black "CairnTerrier"]
[Result "1-0"]
[ICCResult "Black resigns"]
[WhiteElo "1647"]
[BlackElo "1232"]
[Opening "Vienna: `Frankenstein-Dracula' variation"]
[ECO "C27"]
[NIC "VG.02"]
[Time "16:26:50"]
[TimeControl "120+12"]

1. e4 e5 2. Nc3 Nf6 3. Bc4 Nxe4 4. Qh5 Nd6 5. Bb3 Nc6 6. Nb5 g6 7. Qf3 f5 8.
Qd5 Qe7 9. Nxc7+ Kd8 10. Nxa8 b6 11. d3 Nd4 12. f4 exf4+ 13. Kf1 Bg7 14.
Bxf4 Bb7 15. Bxd6 Bxd5 16. Bxe7+ Kxe7 17. Bxd5 Kd6 18. c4 Nc6 19. Nxb6 axb6
20. Bxc6 dxc6 21. Rb1 Bd4 22. Nf3 Bc5 23. d4 Bb4 24. a3 Ba5 25. b4
{Black resigns}
1-0

[Event "GambitGuide"]
[Site "Internet Chess Club"]
[Date "2014.10.31"]
[Round "1"]
[White "JSBach"]
[Black "alico"]
[Result "1-0"]
[ICCResult "Black checkmated"]
[WhiteElo "1647"]
[BlackElo "1233"]
[Opening "Vienna: `Frankenstein-Dracula' variation"]
[ECO "C27"]
[NIC "VG.02"]
[Time "16:25:54"]
[TimeControl "120+12"]

1. e4 e5 2. Nc3 Nf6 3. Bc4 Nxe4 4. Qh5 Nd6 5. Bb3 Nc6 6. Nb5 g6 7. Qf3 f5 8.
Qd5 Qe7 9. Nxc7+ Kd8 10. Nxa8 b6 11. d3 Bb7 12. Nxb6 axb6 13. Qf3 Na5 14.
Qe3 Nxb3 15. axb3 Bg7 16. Qxb6+ Kc8 17. Ra7 e4 18. d4 h5 19. Bf4 e3 20.
Qxb7+ Nxb7 21. Ra8# {Black checkmated} 1-0

[Event "GambitGuide"]
[Site "Internet Chess Club"]
[Date "2014.10.31"]
[Round "1"]
[White "JSBach"]
[Black "nsideurheadbro"]
[Result "1-0"]
[ICCResult "Black checkmated"]
[WhiteElo "1647"]
[BlackElo "1184"]
[Opening "Vienna: `Frankenstein-Dracula' variation"]
[ECO "C27"]
[NIC "VG.02"]
[Time "16:24:48"]
[TimeControl "120+12"]

1. e4 e5 2. Nc3 Nf6 3. Bc4 Nxe4 4. Qh5 Nd6 5. Bb3 Nc6 6. Nb5 g6 7. Qf3 f5 8.
Qd5 Qe7 9. Nxc7+ Kd8 10. Nxa8 b6 11. d3 Bb7 12. Nxb6 axb6 13. Qf3 Nd4 14.
Qg3 Ne6 15. Be3 f4 16. Bxb6+ Kc8 17. Qg4 e4 18. Bxe6 exd3 19. Bd4 Rg8 20.
cxd3 Nf5 21. Rc1+ Kb8 22. Be5+ Ka7 23. Bxg8 Qxe5+ 24. Ne2 Bb4+ 25. Kf1 f3
26. gxf3 Bd2 27. Rc2 Bh6 28. Qa4+ Kb8 29. Qxd7 Bxf3 30. Rc8# {Black
checkmated} 1-0

[Event "GambitGuide"]
[Site "Internet Chess Club"]
[Date "2014.10.31"]
[Round "1"]
[White "JSBach"]
[Black "Punto-Medio"]
[Result "1-0"]
[ICCResult "Black resigns"]
[WhiteElo "1666"]
[BlackElo "2087"]
[Opening "Vienna: `Frankenstein-Dracula' variation"]
[ECO "C27"]
[NIC "VG.02"]
[Time "16:26:11"]
[TimeControl "120+12"]

1. e4 e5 2. Nc3 Nf6 3. Bc4 Nxe4 4. Qh5 Nd6 5. Bb3 Nc6 6. Nb5 g6 7. Qf3 f5 8.
Qd5 Qe7 9. Nxc7+ Kd8 10. Nxa8 b6 11. d3 Nb4 12. Qf3 Bb7 13. Qg3 f4 14. Qg4
Bxa8 15. Bd2 Nc6 16. Bd5 Bb7 17. Nf3 Bg7 18. Qh4 Qxh4 19. Nxh4 Nd4 20. Bb3
a5 21. Bc3 N6b5 22. Bxd4 Nxd4 23. c3 Nxb3 24. axb3 Bf6 25. Nf3 Bxf3 26. gxf3
Kc7 27. O-O-O d5 28. Kd2 Kc6 29. Rhf1 g5 30. Rfe1 b5 31. h3 b4 32. Ra1 Kb5
33. c4+ dxc4 34. dxc4+ Kb6 35. Rad1 Kc5 36. Kc1 a4 37. Rd5+ Kc6 38. bxa4 Ra8
39. a5 Rc8 40. Rb5 Kd6 41. Rd1+ Ke6 42. Rxb4 h5 43. a6 g4 44. hxg4 hxg4 45.
fxg4 f3 46. Rb6+ Kf7 47. Rb7+ Kg6 48. b3 Bg5+ 49. Kc2 {Black resigns} 1-0

[Event "GambitGuide"]
[Site "Internet Chess Club"]
[Date "2014.10.31"]
[Round "1"]
[White "JSBach"]
[Black "CairnTerrier"]
[Result "1-0"]
[ICCResult "Black resigns"]
[WhiteElo "1666"]
[BlackElo "1232"]
[Opening "Vienna: `Frankenstein-Dracula' variation"]
[ECO "C27"]
[NIC "VG.02"]
[Time "16:27:31"]
[TimeControl "120+12"]

1. e4 e5 2. Nc3 Nf6 3. Bc4 Nxe4 4. Qh5 Nd6 5. Bb3 Nc6 6. Nb5 g6 7. Qf3 f5 8.
Qd5 Qe7 9. Nxc7+ Kd8 10. Nxa8 b6 11. d3 Nd4 12. f4 exf4+ 13. Kd1 Bg7 14.
Bxf4 Nxb3 15. Bxd6 Qf6 16. axb3 Qxb2 17. Rxa7 Qb1+ 18. Kd2 Qb2 19. Nxb6 Qc3+
20. Kd1 Re8 21. Ne2 Rxe2 22. Kxe2 Bh6 23. Qg8+ {Black resigns} 1-0

[Event "GambitGuide"]
[Site "Internet Chess Club"]
[Date "2014.10.31"]
[Round "1"]
[White "JSBach"]
[Black "Smashandgrab"]
[Result "1-0"]
[ICCResult "Black resigns"]
[WhiteElo "1651"]
[BlackElo "1457"]
[Opening "Vienna: `Frankenstein-Dracula' variation"]
[ECO "C27"]
[NIC "VG.02"]
[Time "16:26:33"]
[TimeControl "120+12"]

1. e4 e5 2. Nc3 Nf6 3. Bc4 Nxe4 4. Qh5 Nd6 5. Bb3 Nc6 6. Nb5 g6 7. Qf3 f5 8.
Qd5 Qe7 9. Nxc7+ Kd8 10. Nxa8 b6 11. d3 Bg7 12. Nh3 Bb7 13. Bg5 Bf6 14. Nxb6
axb6 15. g3 Nd4 16. Qxb7 Nxb7 17. Be3 Nxb3 18. axb3 Ke8 19. Ra7 Nc5 20. O-O
Kf7 21. b4 Ne6 22. Bxb6 Nd4 23. Bc5 Qe6 24. Bxd4 exd4 25. Nf4 Qc6 26. h4 Rg8
27. Re1 h6 28. Ne6 g5 29. Nc5 Rd8 30. Re6 Qxe6 31. Nxe6 Kxe6 32. Ra6+ Ke7
33. hxg5 hxg5 34. Ra1 Rc8 35. Re1+ Kf7 36. Rc1 d5 37. f4 g4 38. Kf2 Ke7 39.
b5 Kd6 40. b4 Kc7 41. Re1 Rf8 42. Re6 Kb7 43. Rd6 Be7 44. Rd7+ Kb6 45. Rxe7
Kxb5 46. Rb7+ Kc6 47. Re7 Kb5 48. Rb7+ Kc6 49. Re7 Kb5 50. Rb7+ Ka6 51. Rd7
Kb5 52. Rxd5+ Kxb4 53. Rxd4+ Kc3 54. Rc4+ Kd2 55. d4 Rd8 56. c3 Kd3 57. Rc5
Re8 58. Rxf5 Re2+ 59. Kf1 Ke3 60. Re5+ {Black resigns} 1-0

[Event "GambitGuide"]
[Site "Internet Chess Club"]
[Date "2014.10.31"]
[Round "1"]
[White "JSBach"]
[Black "CairnTerrier"]
[Result "1-0"]
[ICCResult "Black resigns"]
[WhiteElo "1651"]
[BlackElo "1232"]
[Opening "Vienna: `Frankenstein-Dracula' variation"]
[ECO "C27"]
[NIC "VG.02"]
[Time "16:28:23"]
[TimeControl "120+12"]

1. e4 e5 2. Nc3 Nf6 3. Bc4 Nxe4 4. Qh5 Nd6 5. Bb3 Nc6 6. Nb5 g6 7. Qf3 f5 8.
Qd5 Qe7 9. Nxc7+ Kd8 10. Nxa8 b6 11. d3 Nd4 12. h4 Bg7 13. Bg5 Bf6 14. c3
Bb7 15. cxd4 Bxd5 16. Bxf6 Qxf6 17. Bxd5 exd4 18. O-O-O Ke7 19. Re1+ Kf8 20.
Nf3 Kg7 21. Re2 Rxa8 22. Bxa8 Nb5 23. Rhe1 f4 24. Re7+ Kh6 25. Ng5 Kh5 26.
Rxh7+ Kg4 27. f3+ Kg3 28. Ne4+ {Black resigns} 1-0

[Event "GambitGuide"]
[Site "Internet Chess Club"]
[Date "2014.10.31"]
[Round "1"]
[White "JSBach"]
[Black "gonesailing"]
[Result "1-0"]
[ICCResult "Black resigns"]
[WhiteElo "1651"]
[BlackElo "1337"]
[Opening "Vienna: `Frankenstein-Dracula' variation"]
[ECO "C27"]
[NIC "VG.02"]
[Time "16:27:56"]
[TimeControl "120+12"]

1. e4 e5 2. Nc3 Nf6 3. Bc4 Nxe4 4. Qh5 Nd6 5. Bb3 Nc6 6. Nb5 g6 7. Qf3 f5 8.
Qd5 Qe7 9. Nxc7+ Kd8 10. Nxa8 b6 11. d3 Bb7 12. Nxb6 axb6 13. Qf3 Nd4 14.
Qg3 Nxb3 15. axb3 f4 16. Qg4 Nf5 17. Ra7 Bc6 18. Nf3 e4 19. dxe4 Qxe4+ 20.
Kd1 Qd5+ 21. Bd2 Bb4 22. Qxf4 Bxd2 23. Qxd2 Qc5 24. Re1 Bxf3+ 25. gxf3 Nd4
26. Ra8+ {Black resigns} 1-0